 Dungeon Crawl Stone Soup version 0.27-a0-1324-ge0d8e047f6 (webtiles) character file.

Game seed: 11863051377017563947

719 Anon1729 the Sneak (level 8, -2/41 HPs)
             Began as a Kobold Air Elementalist on June 23, 2021.
             Was an Initiate of Wu Jian.
             Succumbed to a water moccasin's poison
             ... on level 6 of the Dungeon.
             The game lasted 00:14:02 (8392 turns).

Anon1729 the Sneak (Kobold Air Elementalist)        Turns: 8392, Time: 00:14:03

Health: -2/41      AC:  4    Str:  5    XL:     8   Next: 1%
Magic:  2/13       EV: 16    Int: 16    God:    Wu Jian [......]
Gold:   119        SH:  0    Dex: 18    Spells: 4/14 levels left

rFire    . . .     SeeInvis +   b - +0 dagger
rCold    . . .     Faith    .   (shield restricted)
rNeg     . . .     Spirit   .   a - +0 robe
rPois    .         Reflect  .   d - +0 helmet
rElec    .         Harm     .   (no cloak)
rCorr    .         Rampage  .   (no gloves)
Will     .....                  i - +0 pair of boots
Stlth    ++++......             (no amulet)
HPRegen  0.13/turn              f - ring of see invisible
MPRegen  0.13/turn              (no ring)

@: brilliant, lethally poisoned (-2 -> -26), very slightly contaminated
A: small, no large weapons, nightstalker 3
a: Renounce Religion


You were on level 6 of the Dungeon.
You worshipped Wu Jian.
Wu Jian was noncommittal.
You visited 2 branches of the dungeon, and saw 7 of its levels.

You collected 119 gold pieces.

Inventory:

Hand Weapons
 b - a +0 dagger (weapon)
 q - a +0 rapier
Missiles
 t - a poisoned dart
Armour
 a - a +0 robe (worn)
 d - a +0 helmet (worn)
 i - a +0 pair of boots (worn)
Jewellery
 f - a ring of see invisible (left hand)
Scrolls
 c - a scroll of holy word {unknown}
 g - a scroll of noise {unknown}
 k - 2 scrolls of blinking {unknown}
 l - 2 scrolls of identify {unknown}
 m - 2 scrolls of enchant weapon {unknown}
 n - a scroll of fear {unknown}
 o - a scroll of amnesia {unknown}
 p - a scroll of fog {unknown}
Potions
 e - a potion of brilliance
 h - a potion of mutation {unknown}
 j - a potion of ambrosia {unknown}
 s - a potion of haste {unknown}


   Skills:
 * Level 5.2 Short Blades
 + Level 4.2 Dodging
 * Level 6.4 Stealth
 + Level 3.5 Spellcasting
 + Level 2.8 Conjurations
 + Level 4.1 Air Magic


You had 4 spell levels left.
You knew the following spells:

 Your Spells              Type           Power      Damage    Failure   Level
a - Shock                 Conj/Air       80%        1d8       4%          1
b - Swiftness             Air            23%        N/A       10%         3
c - Passwall              Tmut/Erth      3%         N/A       26%         2
d - Airstrike             Air            11%        N/A       32%         4

Your spell library contained the following spells:

 Spells                   Type           Power      Damage    Failure   Level
 Static Discharge         Conj/Air       20%        N/A       6%          2
 Sandblast                Erth           8%         2d5       19%         1
 Stone Arrow              Conj/Erth      22%        3d8       30%         3
 Petrify                  Tmut/Erth      4%         N/A       87%         4
 Lightning Bolt           Conj/Air       10%        1d23      75%         5
 Lee's Rapid Deconstruct  Erth           2%         3d5*      99%         5


Dungeon Overview and Level Annotations

Branches:
Dungeon (6/15)             Temple (1/1) D:5

Altars:
Elyvilon
Fedhas
Hepliaklqana
Kikubaaqudgha
Makhleb
Nemelex Xobeh
Okawaru
Trog
Uskayaw
Vehumet
Wu Jian
Yredelemnul
Zin

Shops:
D:1 ?   D:5 =

Annotations:
D:4 exclusion: phantom
D:5 Menkaure


Innate Abilities, Weirdness & Mutations

You are small and have problems with some larger weapons.
You are completely attuned to the shadows.


Message History

Press: ? - help, Dir - move target, f - water moccasin
Aim: a water moccasin (lightly wounded)
You miscast Airstrike.
You are very lightly contaminated with residual magic.
You are caught in an explosion of electrical discharges!!
You feel sick. The water moccasin closely misses you.
The water moccasin barely misses you.
Casting: Airstrike (extremely dangerous; 32% risk of failure)
Confirm with . or Enter, or press ? or * to list all spells.
The spell is extremely dangerous to cast (32% risk of failure)!
Continue anyway?
Aiming: Airstrike (extremely dangerous; 32% risk of failure)
Press: ? - help, Dir - move target, f/p - water moccasin
Aim: a water moccasin (lightly wounded)
The air twists around and strikes the water moccasin!
The water moccasin is heavily wounded.
You feel sick. The water moccasin bites you.
* * * LOW HITPOINT WARNING * * *
You are lethally poisoned!
The water moccasin poisons you!
You feel better. The water moccasin bites you.
* * * LOW HITPOINT WARNING * * *
You are lethally poisoned!
The water moccasin poisons you! The water moccasin bites you.
* * * LOW HITPOINT WARNING * * *
It was a potion of brilliance.
You feel clever all of a sudden.
* * * LOW HITPOINT WARNING * * *
You feel very sick. The water moccasin bites you.
* * * LOW HITPOINT WARNING * * *
You are more poisoned.
The water moccasin poisons you!
Casting: Airstrike (extremely dangerous; 32% risk of failure)
Confirm with . or Enter, or press ? or * to list all spells.
The spell is extremely dangerous to cast (32% risk of failure)!
Continue anyway?
Aiming: Airstrike (extremely dangerous; 32% risk of failure)
Press: ? - help, Dir - move target, f/p - water moccasin
Aim: a water moccasin (heavily wounded)
You feel a surge of power!
You miscast Airstrike.
Nothing appears to happen.
You die...

#.#...# #.#
#.# #.#...#
#.# #.#
#.#...# #.#
#.#...# #.#
#.#...# #.#
####.#...##
#.###
...........
#....
####.#...####
#####
#.#.[@....
#.#.S#####
#.#.......
##.#####
#......#
.......#
####..5#
....#


You could see a water moccasin.

Vanquished Creatures
  Eustachio (D:5)
  A scorpion (D:4)
  A water moccasin skeleton (D:6)
  A howler monkey (D:5)
  A bullfrog zombie (D:5)
  A jelly (D:4)
  An orc priest (D:5)
  A centaur skeleton (D:5)
  3 iguanas
  An orc wizard (D:5)
  A hound skeleton (D:5)
  6 adders
  A white imp (D:5)
  An ufetubus (D:4)
  2 worms
  4 dart slugs
  14 orcs
  7 endoplasms
  A giant cockroach (D:1)
  5 hobgoblins
  10 jackals
  4 quokkas
  6 ball pythons
  6 bats
  12 frilled lizards
  8 goblins
  6 kobolds
  10 rats
116 creatures vanquished.

Vanquished Creatures (others)
  4 plants (D:1)
4 creatures vanquished.

Grand Total: 120 creatures vanquished

Notes
Turn   | Place    | Note
-------+----------+-------------------------------------------
     0 | D:1      | Anon1729 the Kobold Air Elementalist began the quest for
                  | the Orb.
     0 | D:1      | Reached XP level 1. HP: 10/10 MP: 3/3
   334 | D:1      | Reached skill level 3 in Stealth
   432 | D:1      | Reached XP level 2. HP: 15/15 MP: 1/5
   629 | D:1      | Found a faded altar of an unknown god.
   813 | D:1      | Found Operip Egi's Magic Scroll Shoppe.
   938 | D:1      | Reached skill level 1 in Short Blades
   938 | D:1      | Reached XP level 3. HP: 19/19 MP: 6/6
  1613 | D:2      | Reached XP level 4. HP: 24/24 MP: 7/7
  2181 | D:2      | You fall into a shaft and drop 2 floors!
  2684 | D:4      | Noticed a phantom
  2709 | D:4      | Reached skill level 4 in Stealth
  2709 | D:4      | Reached XP level 5. HP: 28/28 MP: 8/8
  3093 | D:4      | Learned a level 3 spell: Swiftness
  3357 | D:4      | Learned a level 2 spell: Passwall
  3593 | D:4      | Found a sparkling altar of Nemelex Xobeh.
  3746 | D:3      | Found a white marble altar of Elyvilon.
  3747 | D:3      | Found a blossoming altar of Fedhas.
  3874 | D:3      | Reached XP level 6. HP: 30/32 MP: 10/10
  4266 | D:3      | Found a glowing silver altar of Zin.
  4510 | D:3      | Found an iron altar of Okawaru.
  4686 | D:3      | Found a burning altar of Makhleb.
  4699 | D:3      | Reached skill level 5 in Stealth
  6013 | D:5      | Entered Level 5 of the Dungeon
  6594 | D:5      | Reached XP level 7. HP: 24/36 MP: 5/11
  6825 | D:5      | Noticed Menkaure
  7209 | D:5      | Noticed Eustachio
  7385 | D:5      | Found a staircase to the Ecumenical Temple.
  7391 | Temple   | Entered the Ecumenical Temple
  7418 | Temple   | Became a worshipper of the Wu Jian Council
  7501 | D:5      | Killed Eustachio
  7502 | D:5      | Reached skill level 6 in Stealth
  7645 | D:5      | Found Saaneal's Jewellery Shoppe.
  8226 | D:4      | Learned a level 4 spell: Airstrike
  8304 | D:5      | Reached skill level 5 in Short Blades
  8373 | D:6      | Reached XP level 8. HP: 41/41 MP: 13/13
  8392 | D:6      | Succumbed to a water moccasin's poison

Illustrated notes

Levels and vault maps discovered:
D:1:      dpeg_arrival_long_road, layout_loops_ring, serial_shops,
          nicolae_diamond_shop, shapermc_ecumenical_altar_mp_highgroup,
          minmay_lizard_king
D:2:      layout_basic, chequers_serial_rivers_room_b
D:3:      layout_rooms, lemuel_tele_altar, gammafunk_temple_overflow_forgotten,
          nicolae_overflow_hidden_temple, grunt_ministairs_1
D:4:      layout_loops_ring, nemelex_diamond_rough_becter, serial_rivers,
          chequers_serial_rivers_micro_a, chequers_serial_rivers_room_b,
          chequers_serial_rivers_marsh, chequers_serial_rivers_small_b
D:5:      layout_basic, minmay_temple_entry_sparse_star, serial_shops,
          nicolae_shop_behind_doors, serial_glass, glass_columns_b,
          glass_columns_a, glass_columns_a, chequers_serial_rivers_marsh,
          uniq_menkaure, uniq_eustachio
D:6:      layout_basic, serial_shops, shop, uniq_crazy_yiuf_cottage
Temple:   eino_temple_water

Skill      XL: |  1  2  3  4  5  6  7 |
---------------+----------------------+-----
Stealth        | 3 4 5 6 |  6.4
Short Blades   | 1 2 3 4 5 |  5.2
Dodging        | 3 4 |  4.2
Spellcasting   | 3 |  3.5
Conjurations   | 2 |  2.8
Air Magic      | 4 |  4.1

Action                   |  1- 3 |  4- 6 |  7- 9 || total
-------------------------+-------+-------+-------++-------
Melee: Unarmed           |     8 |       |       ||     8
       Dagger            |    72 |   206 |    29 ||   307
Throw: Dart              |       |     2 |       ||     2
 Cast: Shock             |    24 |   116 |    41 ||   181
       Swiftness         |       |     2 |       ||     2
       Airstrike         |       |       |     2 ||     2
       Passwall          |       |       |     1 ||     1
Invok: Lunge             |       |       |     3 ||     3
  Use: Potion            |       |       |     2 ||     2
 Stab: Sleeping          |     8 |    16 |     3 ||    27
       Distracted        |       |       |     1 ||     1
Armor: Robe              |    13 |    43 |     7 ||    63
Dodge: Dodged            |    83 |   191 |    63 ||   337

Table legend: (Time is in decaauts)
 A = Elapsed time spent in this place.
 B = Non-inter-level travel time spent in this place.
 C = Inter-level travel time spent in this place.
 D = Time resting spent in this place.
 E = Time spent auto-exploring this place.
 F = Levels seen in this place.
 G = Mean time per level.
                   A        B        C        D        E       F      G
               +--------+--------+--------+--------+--------+-----+--------+
         Total |   8381 |   7920 |    461 |   1534 |   5248 |   7 | 1197.3 |
       Dungeon |   8336 |   7892 |    444 |   1534 |   5226 |   6 | 1389.3 |
        Temple |     44 |     27 |     17 |      0 |     22 |   1 |   44.0 |
               +--------+--------+--------+--------+--------+-----+--------+

Top non-repeatable levels by time:
     D:4: 2371 daAuts
     D:2: 1598 daAuts
     D:5: 1540 daAuts
     D:1: 1429 daAuts
     D:3: 1313 daAuts
     D:6: 82 daAuts
  Temple: 44 daAuts
